 Dungeon Sprint DCSS version 0.18.1-6-gd335043 (webtiles) character file.

112 Hipnos the Firebug (level 4, -14/28 HPs)
             Began as a Deep Elf Fire Elementalist on May 15, 2016.
             Was a Believer of Vehumet.
             Shot with an arrow by a deep elf archer (38 damage)
             ... in the Dungeon (Sprint V: "Ziggurat Sprint").
             The game lasted 00:06:05 (720 turns).

Hipnos the Firebug (Deep Elf Fire Elementalist)      Turns: 720, Time: 00:06:09

Health: -14/28     AC:  2    Str:  5    XL:     4   Next: 64%
Magic:  5/13       EV: 14    Int: 33    God:    Vehumet [**....]
Gold:   0          SH:  0    Dex: 15    Spells: 4 memorised, 3 levels left

rFire  . . .     SeeInvis .     I - staff of energy
rCold  . . .     Gourm    .     a - +0 robe
rNeg   . . .     Faith    .     (no shield)
rPois  .         Spirit   .     (no helmet)
rElec  .         Dismiss  .     (no cloak)
rCorr  .         Reflect  .     (no gloves)
SustAt .         Harm     .     (no boots)
MR     .....     NoTele   +     (no amulet)
Stlth  ++........               E - +6 ring of intelligence
                                F - +6 ring of intelligence

@: invisible, not resistant to hostile enchantments, unstealthy
A: no striking features
a: Renounce Religion


You were in the Dungeon.
You worshipped Vehumet.
Vehumet was pleased with you.
You were not hungry.

You visited 1 branch

Inventory:

Hand Weapons
 K - the +6 Majin-Bo {vamp, Archmagi MP+6 Int+6}
   (You found it in the Dungeon)

   It inflicts no extra harm, but heals its wielder somewhat when it strikes a
   living foe.
   It affects your intelligence (+6).
   It affects your magic capacity (+6).
Armour
 a - a +0 robe (worn)
 L - a +5 storm dragon armour
Magical Staves
 I - an uncursed staff of energy (weapon)
 M - an uncursed staff of air
Jewellery
 C - a +6 ring of dexterity
 D - a +6 ring of dexterity
 E - a +6 ring of intelligence (right hand)
 F - a +6 ring of intelligence (left hand)
 G - a +6 ring of strength
 H - a +6 ring of strength
Wands
 y - a wand of disintegration (7/24)
 z - a wand of iceblast (5/15)
 A - a wand of lightning (5/15)
 B - a wand of acid (5/15)
Scrolls
 i - 4 scrolls of blinking
 p - 4 scrolls of amnesia
 q - 3 scrolls of recharging
 r - 7 scrolls of fog
 s - a scroll of holy word
 t - 5 scrolls of identify
 u - 5 scrolls of remove curse
 v - 2 scrolls of fear
Potions
 d - 10 potions of curing
 e - 8 potions of heal wounds
 f - 5 potions of haste
 g - 7 potions of magic
 h - 3 potions of berserk rage
 j - 2 potions of brilliance
 l - 4 potions of resistance
 n - 5 potions of agility
 o - 4 potions of might
Books
 b - a book of Flames

   Spells                             Type                      Level
   a - Flame Tongue                   Conjuration/Fire             1
   b - Throw Flame                    Conjuration/Fire             2
   c - Conjure Flame                  Conjuration/Fire             3
   d - Inner Flame                    Hexes/Fire                   3
   e - Sticky Flame                   Conjuration/Fire             4
   f - Fireball                       Conjuration/Fire             5
 m - the Catalogue of Spatial Clay
   (You found it in the Dungeon)

   Spells                             Type                      Level
   a - Shroud of Golubria             Charms/Translocation         2
   b - Blink                          Translocation                2
   c - Lee's Rapid Deconstruction     Earth                        5
   d - Summon Forest                  Summoning/Translocation      5
   e - Iron Shot                      Conjuration/Earth            6
Miscellaneous
 J - a crystal ball of energy
Comestibles
 c - 5 bread rations
 w - 42 fruits
 x - 4 meat rations


   Skills:
 * Level 3.2 Fighting
 * Level 3.9 Staves
 + Level 4.4 Dodging
 - Level 2.4 Stealth
 + Level 5.0 Spellcasting
 * Level 4.5 Conjurations
 * Level 7.6 Fire Magic


You had 3 spell levels left.
You knew the following spells:

 Your Spells              Type           Power        Failure   Level  Hunger
a - Flame Tongue          Conj/Fire      #####        1%          1    None
b - Throw Flame           Conj/Fire      #####.       1%          2    None
c - Conjure Flame         Conj/Fire      #####...     1%          3    None
d - Sticky Flame          Conj/Fire      #####...     4%          4    None


Dungeon Overview and Level Annotations

Branches:
Dungeon (1/1)

Altars:
Ashenzari
Cheibriados
Dithmenos
Elyvilon
Fedhas
Gozag
Kikubaaqudgha
Makhleb
Nemelex Xobeh
Okawaru
Pakellas
Qazlal
Ru
Sif Muna
Trog
Vehumet
Xom
Yredelemnul
Zin
The Shining One
Beogh
Jiyva
Lugonu


Message History

The vampiric scimitar is lightly damaged.
The vampiric scimitar hits you.
The vampiric scimitar draws strength from your injuries!
Casting: Throw Flame
Confirm with . or Enter, or press ? or * to list all spells.
Aiming: Throw Flame
Press: ? - help, Shift-Dir - straight line, f/p - deep elf mage
Aim: a deep elf mage, wielding a rapier and wearing a scale mail (heavily wounded)
The puff of flame hits the vampiric scimitar.
The vampiric scimitar resists.
The vampiric scimitar is lightly damaged.
The vampiric scimitar completely misses you.
Drink which item? (? for menu, Esc to quit)
You fade into invisibility!
The vampiric scimitar hits you.
The deep elf archer unwields an uncursed short sword.
The deep elf archer wields a longbow.
The deep elf archer shoots an arrow.
The arrow misses the vampiric scimitar.
The arrow hits you!!!
Ouch! That really hurt!
You die...

▓▓▓▓▓▓▓▓▓▓▓▓▓▓▓▓▓▓▓
▓.8©8.▓.8©8.▓.8©8.▓
▓.::).▓.).).▓.....▓
▓..)..▓.....▓.)...▓
▓..e..▓.....▓.....▓
▓.e...▓.....▓..)..▓
▓.e(..▓.....▓.....▓
▓..@..▓.....▓▓▓▓▓▓▓
▓▓▓▓▓▓▓▓▓▓▓▓▓


You could see a deep elf archer, 2 deep elf magi and a vampiric scimitar.

Vanquished Creatures
  A quasit (D)
  2 orc priests (D)
  A shadow imp (D)
  An ufetubus (D)
5 creatures vanquished.

Notes
Turn   | Place    | Note
--------------------------------------------------------------
     0 | D        | Hipnos the Deep Elf Fire Elementalist began the quest for the Orb.
     0 | D        | Reached XP level 1. HP: 10/10 MP: 6/6
     0 | D        | Found an iron altar of Okawaru.
     0 | D        | Found a burning altar of Makhleb.
     0 | D        | Found a radiant altar of Vehumet.
     0 | D        | Found a deep blue altar of Sif Muna.
     0 | D        | Found a shimmering altar of Xom.
     0 | D        | Found a bloodstained altar of Trog.
     1 | D        | Found a roughly hewn altar of Beogh.
     1 | D        | Found a viscous altar of Jiyva.
     1 | D        | Found a corrupted altar of Lugonu.
     1 | D        | Found a white marble altar of Elyvilon.
     1 | D        | Found a sparkling altar of Nemelex Xobeh.
    77 | D        | Became a worshipper of Vehumet
    81 | D        | Reached skill level 5 in Fire Magic
    81 | D        | Reached XP level 2. HP: 18/18 MP: 7/9
   195 | D        | Learned a level 2 spell: Throw Flame
   198 | D        | Entered arena 1.
   200 | D        | Reached XP level 3. HP: 10/22 MP: 6/11
   204 | D        | Reached skill level 6 in Fire Magic
   449 | D        | Identified the Catalogue of Spatial Clay (You found it in the Dungeon)
   455 | D        | Learned a level 3 spell: Conjure Flame
   557 | D        | Entered arena 2.
   582 | D        | Reached * piety under Vehumet
   582 | D        | Offered knowledge of Freeze by Vehumet.
   582 | D        | Reached XP level 4. HP: 19/28 MP: 1/12
   584 | D        | Reached skill level 5 in Spellcasting
   584 | D        | Reached skill level 7 in Fire Magic
   587 | D        | Reached ** piety under Vehumet
   714 | D        | Learned a level 4 spell: Sticky Flame
   715 | D        | Entered arena 3.
   715 | D        | Noticed a deep elf mage
   715 | D        | Noticed a vampiric scimitar
   715 | D        | Noticed a deep elf archer
   715 | D        | Noticed a deep elf mage
   720 | D        | Shot with an arrow by a deep elf archer

Skill      XL: |  1  2  3  4 |
---------------+-------------+-----
Fighting       | 2 3 |  3.2
Staves         | 3 |  3.9
Dodging        | 3 4 |  4.4
Spellcasting   | 4 5 |  5.0
Conjurations   | 3 4 |  4.5
Fire Magic     | 5 6 7 |  7.6
Stealth        | |  2.4

Action                   |  1- 3 |  4- 6 || total
-------------------------+-------+-------++-------
Melee: Staff             |    12 |     5 ||    17
 Cast: Throw Flame       |    10 |     4 ||    14
       Flame Tongue      |     2 |       ||     2
  Use: Potion            |     6 |     1 ||     7
 Stab: Invisible         |     2 |     1 ||     3
Armor: Robe              |     3 |     2 ||     5
Dodge: Dodged            |    59 |     8 ||    67
